 Dungeon Crawl Stone Soup version 0.24.0-2-g5b39cebb1c (webtiles) character file.

Game seed: 4312007977807233250, levelgen mode: deterministic

5728 Aviak the Fighter (level 10, -4/91 HPs)
             Began as a Hill Orc Assassin on Oct 29, 2019.
             Was a Believer of Qazlal.
             Slain by an orc
             ... wielding a +0 war axe
              (14 damage)
             ... in a bailey.
             The game lasted 00:12:45 (8672 turns).

Aviak the Fighter (Hill Orc Assassin)               Turns: 8672, Time: 00:12:46

Health: -4/91      AC: 12    Str: 18    XL:     10   Next: 77%
Magic:  4/15       EV: 10    Int: 14    God:    Qazlal [**....]
Gold:   37         SH: 11    Dex: 12    Spells: 9/9 levels left

rFire    + + .     SeeInvis .   a - +0 war axe (elec)
rCold    + . .     Gourm    .   n - +0 buckler
rNeg     . . .     Faith    .   A - +3 scale mail {rF+}
rPois    .         Spirit   .   B - +0 helmet {Int+3}
rElec    .         Reflect  +   v - scarf {rC+ rF+}
rCorr    .         Harm     .   (no gloves)
MR       .....                  (no boots)
Stlth    +.........             C - +2 amulet of reflection
HPRegen  0.25/turn              (no ring)
MPRegen  0.14/turn              (no ring)

@: no status effects
A: no striking features
a: Upheaval, Renounce Religion


You were in a bailey.
You worshipped Qazlal.
Qazlal was pleased with you.
You were not hungry.

You visited 2 branches of the dungeon, and saw 10 of its levels.
You also visited: Bailey.

You collected 526 gold pieces.
You spent 489 gold pieces at shops.

Inventory:

Hand Weapons
 a - a +0 war axe of electrocution (weapon)
 g - a +2 hand axe of flaming
 z - a +2 hand axe of freezing
Missiles
 d - 29 poisoned darts (quivered)
 e - 2 curare-tipped darts
Armour
 n - a +0 buckler (worn)
 v - a scarf of resistance (worn)
 w - a +0 cloak
 A - a +3 scale mail of fire resistance (worn)
 B - a +0 helmet of intelligence (worn)
Jewellery
 C - a +2 amulet of reflection (around neck)
 G - an uncursed ring of flight {unknown}
Wands
 j - a wand of paralysis (6)
 y - a wand of iceblast (8)
 D - a wand of random effects (12)
Scrolls
 b - a scroll of random uselessness {unknown}
 i - 2 scrolls of identify
 l - 4 scrolls of enchant armour {unknown}
 m - 2 scrolls of fog {unknown}
 p - a scroll of fear {unknown}
 r - 6 scrolls of remove curse
 s - 5 scrolls of enchant weapon {unknown}
 t - 3 scrolls of teleportation
 u - 3 scrolls of amnesia {unknown}
 F - a scroll of magic mapping {unknown}
Potions
 c - a potion of lignification {!q}
 h - a potion of haste {unknown}
 k - a potion of degeneration {!q!q}
 o - a potion of brilliance {unknown}
 q - 4 potions of flight
 x - a potion of might
Comestibles
 f - 27 rations


   Skills:
 + Level 9.4 Fighting
   Level 2.0 Short Blades
 + Level 8.8 Axes
 - Level 1.7 Throwing
 + Level 8.2 Armour
 - Level 2.1 Dodging
 - Level 3.2 Stealth
 - Level 7.0 Shields
 + Level 7.9 Invocations


You had 9 spell levels left.
You didn't know any spells.
Your spell library was empty.

Dungeon Overview and Level Annotations

Branches:
Dungeon (9/15)             Temple (1/1) D:4          Bailey (1/1)
   Lair: D:8-11         Orc: D:9-12

Altars:
Ashenzari
Cheibriados
Dithmenos
Elyvilon
Fedhas
Gozag
Hepliaklqana
Kikubaaqudgha
Makhleb
Nemelex Xobeh
Okawaru
Qazlal
Ru
Sif Muna
Trog
Uskayaw
Vehumet
Wu Jian
Xom
Yredelemnul
Zin
The Shining One

Shops:
D:5 }   D:6 (   D:8 *[


Message History

The orc knight is heavily wounded.
The orc knight is flash-frozen.
The blast of ice hits the orc warrior!!
The orc warrior is almost dead.
The orc warrior is flash-frozen.
You can no longer give life to nearby clouds.
You hear a shout!
The sun demon hits you!
* * * LOW HITPOINT WARNING * * *
You are engulfed in flames.
You resist.
* * * LOW HITPOINT WARNING * * *
An orc warrior comes into view. It is wielding a +0 war axe.
The orc suddenly complains.
The hobgoblin hits you with a +0 hand axe.
* * * LOW HITPOINT WARNING * * *
The orc knight roars a battlecry!
The orcs go into a battle-frenzy!
You hear a shout!
Okay, then.
The orc hits you with a +0 war axe!
You die...

≈≈≈≈≈≈≈≈...≈≈≈≈≈≈
≈≈≈≈≈≈≈≈...≈≈≈≈≈≈
≈≈≈≈≈≈≈≈...≈≈≈≈≈≈
###≈≈≈≈...≈≈≈≈##
#...))).....#
#####'''#####
#..'....)'..#
#..).....'..#
####o@#..⌠..#..#
#..)3.#.....#
....
#.8)g°#.....# .8.
#..oK)####### ..
#g8o### . #.og
#.8g '... .##'#


You could see an orc knight, a sun demon, a kobold demonologist, an orc warrior,
2 gnolls, 2 orcs, a hobgoblin and a goblin.

Vanquished Creatures
  An orc high priest (Bailey)
  Psyche (D:8)
  Maurice (D:8)
  Eustachio (D:4)
  A hungry ghost (D:8)
  Grum (D:8)
  Duvessa (D:4)
  A water moccasin (D:7)
  3 orc warriors
  2 ice beasts
  2 black bears
  2 phantoms
  A centaur (D:8)
  6 ogres
  4 wolves (D:8)
  A wyvern zombie (D:7)
  A bullfrog (D:8)
  Dowan (D:4)
  3 scorpions
  10 killer bees
  4 wights (D:7)
  An electric eel (Bailey)
  A howler monkey (D:6)
  3 crimson imps
  4 orc priests
  A centaur skeleton (D:5)
  A jelly (D:9)
  7 orc wizards
  4 bullfrog skeletons
  2 iguanas
  5 worker ants
  A killer bee zombie (D:9)
  A hound skeleton (D:5)
  A worker ant zombie (D:5)
  Robin (D:4)
  A howler monkey zombie (D:5)
  9 gnolls
  A howler monkey skeleton (D:9)
  12 adders
  3 shadow imps
  2 oozes (D:2)
  3 worms
  2 dart slugs
  5 leopard geckos
  33 orcs
  8 giant cockroaches
  15 goblins
  13 hobgoblins
  9 kobolds
  6 quokkas
  A ball python (D:2)
  10 bats
  3 frilled lizards
  A leopard gecko zombie (D:6)
  A quokka zombie (D:5)
  9 rats
228 creatures vanquished.

Notes
Turn   | Place    | Note
-------+----------+-------------------------------------------
     0 | D:1      | Aviak the Hill Orc Assassin began the quest for the Orb.
     0 | D:1      | Reached XP level 1. HP: 18/18 MP: 1/1
    83 | D:1      | Reached skill level 1 in Dodging
    90 | D:1      | Reached XP level 2. HP: 25/25 MP: 2/2
   144 | D:1      | Reached skill level 1 in Armour
   222 | D:1      | Reached skill level 3 in Fighting
   322 | D:1      | You fall into a shaft and drop 1 floor!
   372 | D:2      | Found an opulent altar of Gozag.
   426 | D:2      | Reached XP level 3. HP: 27/31 MP: 3/3
   543 | D:2      | Found a shimmering altar of Xom.
  1011 | D:2      | Found a white marble altar of Elyvilon.
  1019 | D:2      | Reached XP level 4. HP: 34/38 MP: 4/4
  1727 | D:3      | Reached skill level 4 in Fighting
  1727 | D:3      | Reached XP level 5. HP: 47/47 MP: 5/5
  1940 | D:3      | Found an ancient bone altar of Kikubaaqudgha.
  1941 | D:3      | Found a blossoming altar of Fedhas.
  2411 | D:3      | Reached skill level 1 in Shields
  2444 | D:3      | Found a basalt altar of Yredelemnul.
  2508 | D:3      | Reached XP level 6. HP: 49/53 MP: 6/6
  2512 | D:3      | Reached skill level 1 in Axes
  2810 | D:4      | Reached skill level 5 in Fighting
  2924 | D:4      | Reached XP level 7. HP: 31/61 MP: 7/7
  3105 | D:4      | Noticed Duvessa
  3339 | D:4      | Noticed Dowan
  3353 | D:4      | Killed Dowan
  3356 | D:4      | Killed Duvessa
  3452 | D:4      | Found a staircase to the Ecumenical Temple.
  3472 | Temple   | Entered the Ecumenical Temple
  3662 | Temple   | Became a worshipper of Qazlal Stormbringer
  3729 | D:4      | Noticed Eustachio
  3730 | D:4      | Noticed Robin
  3756 | D:4      | Killed Robin
  3768 | D:4      | Killed Eustachio
  3768 | D:4      | Reached skill level 6 in Fighting
  3768 | D:4      | Reached skill level 1 in Invocations
  3768 | D:4      | Reached XP level 8. HP: 23/70 MP: 7/9
  4112 | D:4      | Reached skill level 5 in Armour
  4183 | D:4      | Found a burning altar of Makhleb.
  4183 | D:4      | Found a glowing silver altar of Zin.
  4183 | D:4      | Found a shimmering blue altar of Sif Muna.
  4273 | D:3      | Found a shattered altar of Ashenzari.
  4318 | D:5      | Entered Level 5 of the Dungeon
  4395 | D:5      | Got a distressingly furry scale mail
  4413 | D:5      | Identified the +1 scale mail "Zufoehie" {Dex+2} (You found
                  | it on level 5 of the Dungeon)
  4475 | D:5      | Reached * piety under Qazlal
  4536 | D:5      | Found Dunupem's Gadget Emporium.
  5301 | D:5      | Reached skill level 5 in Axes
  6105 | D:6      | Reached skill level 7 in Fighting
  6134 | D:6      | Reached XP level 9. HP: 65/79 MP: 10/12
  6283 | D:6      | Found Yclau's Antique Weapon Shop.
  6287 | D:6      | Bought a glowing war axe for 169 gold pieces
  6341 | D:6      | Reached skill level 5 in Shields
  6833 | D:6      | Reached skill level 5 in Invocations
  7352 | D:7      | Reached skill level 8 in Fighting
  7610 | D:8      | Reached ** piety under Qazlal
  7633 | D:8      | Found Qiythry's Assorted Antiques.
  7684 | D:8      | Noticed Maurice
  7724 | D:8      | Noticed Grum
  7732 | D:8      | Reached XP level 10. HP: 54/90 MP: 14/14
  7749 | D:8      | Killed Grum
  7976 | D:8      | Killed Maurice
  8018 | D:8      | Found Doagiri's Armour Shoppe.
  8059 | D:8      | Bought a scarf of resistance for 320 gold pieces
  8097 | D:8      | Noticed Psyche
  8104 | D:8      | Killed Psyche
  8116 | D:8      | Found a bloodstained altar of Trog.
  8375 | D:9      | Found a flagged portal.
  8391 | D:9      | Reached skill level 9 in Fighting
  8400 | D:9      | Reached *** piety under Qazlal
  8574 | Bailey   | Entered a bailey
  8662 | Bailey   | Noticed an orc high priest
  8663 | Bailey   | Noticed a kobold demonologist
  8665 | Bailey   | Noticed an orc knight
  8669 | Bailey   | Noticed a sun demon
  8669 | Bailey   | Killed an orc high priest
  8669 | Bailey   | Noticed an orc knight
  8672 | Bailey   | Slain by an orc

Levels and vault maps discovered:
D:1:      ebering_trefoil_twist, layout_basic
D:2:      layout_basic, old_standard_altar, lemuel_coloured_pillars_altar,
          elyvilon_altar_3
D:3:      lemuel_upstairs_altar, layout_basic,
          grunt_temple_overflow_growth_and_decay, yredelemnul_altar_generic,
          first_ration
D:4:      layout_cave_pools, chequers_temple_overflow_statue_of_worship,
          minmay_temple_entry_grid, due_unseen_surprise, uniq_duvessa,
          uniq_eustachio, uniq_robin
D:5:      layout_basic, serial_shops, shop_coins, grunt_decor_arrowhead,
          chequers_serial_rivers_micro_e, kennysheep_opposing_triangles
D:6:      layout_loops_cross, serial_shops, shop_fountains,
          kennysheep_generic_room_5
D:7:      layout_rooms, st_stairs_3
D:8:      layout_rooms, overflow_temple_1_default, serial_shops, shop_fountains,
          kennysheep_mini_moat, grunt_ogre_cave, uniq_psyche, uniq_maurice,
          uniq_grum
D:9:      layout_long_grid, grunt_lair_entry_orc_guard_hut, enter_bailey_6,
          kennysheep_windowed_goal
Temple:   minmay_temple_bridge_abc
Bailey:   bailey_axe_of_yendor_kennysheep, bailey

Skill      XL: |  1  2  3  4  5  6  7  8  9 10 |
---------------+-------------------------------+-----
Dodging        | 1 2 |  2.1
Armour         | 1 2 3 4 6 7 8 |  8.2
Fighting       | 3 4 5 6 7 8 9 |  9.4
Shields        | 1 2 3 4 6 7 |  7.0
Axes           | 2 4 5 7 8 |  8.8
Invocations    | 1 4 6 7 |  7.9
Short Blades   | |  2.0
Throwing       | |  1.7
Stealth        | |  3.2

Action                   |  1- 3 |  4- 6 |  7- 9 | 10-12 || total
-------------------------+-------+-------+-------+-------++-------
Melee: Dagger            |   104 |   144 |       |       ||   248
       Hand axe          |       |    81 |   206 |       ||   287
       War axe           |       |       |   136 |    89 ||   225
       Unarmed           |       |       |     9 |       ||     9
Invok: Upheaval          |       |       |       |     3 ||     3
Evoke: Wand              |       |       |       |     2 ||     2
  Use: Scroll            |       |     4 |     3 |       ||     7
       Potion            |       |     2 |     5 |       ||     7
 Stab: Sleeping          |    10 |     1 |       |       ||    11
       Invisible         |       |       |     1 |       ||     1
  Eat: Chunk             |       |     7 |    15 |     3 ||    25
       Ration            |       |       |       |     1 ||     1
Armor: Robe              |    16 |    14 |       |       ||    30
       Scale mail        |       |    75 |   157 |    33 ||   265
       Skin              |       |       |    39 |       ||    39
Dodge: Dodged            |    43 |   110 |   207 |    48 ||   408
Block: Buckler           |       |    23 |   152 |    52 ||   227
       Reflection        |       |       |     6 |     2 ||     8
